 Dungeon Crawl Stone Soup version 0.29.1-13-g9f3cf754e1 (webtiles) character file.

Game seed: 18000177982333678619

110 retardedninja the Shield-Bearer (level 4, 23/29 HPs)
             Began as a Gargoyle Fighter on Jan 24, 2023.
             Quit the game on level 3 of the Dungeon.
             The game lasted 00:02:57 (2520 turns).

retardedninja the Shield-Bearer (Gargoyle Fighter)  Turns: 2520, Time: 00:02:58

Health: 23/29      AC: 11    Str: 22    XL:     4   Next: 91%
Magic:  4/4        EV:  9    Int:  8    God:
Gold:   179        SH:  4    Dex:  9    Spells: 3/3 levels left

rFire   . . .      SeeInvis .   a - +0 flail
rCold   . . .      Faith    .   c - +0 buckler
rNeg    + . .      Spirit   .   b - +0 scale mail
rPois   ∞          Reflect  .   (no helmet)
rElec   +          Harm     .   n - +0 cloak
rCorr   .          Rampage  .   (no gloves)
Will    .....                   (no boots)
Stlth   ..........              (no amulet)
HPRegen 0.09/turn               (no ring)
MPRegen 0.09/turn               (no ring)

@: no status effects
A: sickness immunity, AC +3, negative energy resistance 1, electricity
resistance, torment resistance 1, petrification resistance
a: no special abilities


You were on level 3 of the Dungeon.
You visited 1 branch of the dungeon, and saw 3 of its levels.

You collected 179 gold pieces.

Inventory:

Hand Weapons
 a - a +0 flail (weapon)
 r - the +12 glaive of Prune {vorpal}
   (You found it on level 3 of the Dungeon)

   It inflicts extra damage upon your enemies.
   It halves damage taken while paralysed, petrified or unconscious.
Armour
 b - a +0 scale mail (worn)
 c - a +0 buckler (worn)
 n - a +0 cloak (worn)
Jewellery
 g - a ring of protection from fire
 q - a ring of resist corrosion
Scrolls
 e - 3 scrolls of torment {unknown}
 j - 4 scrolls of identify {unknown}
 k - 2 scrolls of amnesia {unknown}
 l - a scroll of summoning {unknown}
 p - a scroll of immolation {unknown}
Potions
 d - 2 potions of might
 f - 3 potions of heal wounds {unknown}
 h - a potion of flight {unknown}
 i - a potion of curing {unknown}
 m - 2 potions of lignification {unknown}
 o - 2 potions of brilliance {unknown}


   Skills:
 + Level 4.1 Fighting
 * Level 3.0 Maces & Flails
 + Level 4.1 Armour
 + Level 4.1 Shields


You had 3 spell levels left.
You didn't know any spells.
Your spell library contained the following spells:

 Spells                   Type           Power      Damage    Failure   Level
 Ensorcelled Hibernation  Hex/Ice        0%         N/A       91%         2
 Spider Form              Tmut/Pois      0%         N/A       99%         3
 Anguish                  Hex/Necr       0%         N/A       100%        4


Dungeon Overview and Level Annotations

Branches:
Dungeon (3/15)

Altars:
Uskayaw


Innate Abilities, Weirdness & Mutations

You are immune to sickness and miasma.
Your stone body is resilient. (AC +3)
You are immune to poison.
You resist negative energy. (rN+)
You are resistant to electric shocks. (rElec)
You are resistant to unholy torment.
You are immune to petrification.


Message History

You hit the adder.
The adder is lightly wounded.
The adder closely misses you. The adder bites you but does no damage.
You barely miss the adder.
The adder is lightly wounded.
The adder closely misses you. The adder barely misses you.
You hit the adder.
The adder is lightly wounded.
The adder bites you but does no damage.
You completely miss the adder.
The adder is lightly wounded.
The adder bites you. The adder bites you but does no damage.
You closely miss the adder.
The adder is lightly wounded.
You block the adder's attack. The adder completely misses you.
You closely miss the adder.
The adder is lightly wounded.
The adder barely misses you.
You sock the adder!
The adder is almost dead.
The adder closely misses you. The adder bites you but does no damage.
You closely miss the adder.
The adder is almost dead.
The adder closely misses you. The adder bites you but does no damage.
You barely miss the adder.
The adder is almost dead.
The adder barely misses you.
You closely miss the adder.
The adder is almost dead.
The adder barely misses you. The adder bites you but does no damage.
You barely miss the adder.
The adder is almost dead.
The adder bites you but does no damage. The adder bites you.
You sock the adder!
You kill the adder!
Your Maces & Flails skill increases to level 3!
You see here an adder corpse.
You see here the +12 glaive of Prune {vorpal}.
r - the +12 glaive of Prune {vorpal} Are you sure you want to abandon this character and quit the game? (Confirm with "yes".)

...# #.###### ##########.##.#..#
...# #.##...## ##...##.##.# #
...# #.#.....#####.....#.##.# #
...# #.#..#.......†.#..#.##.# #
...# #.#.....#####.....#....# #
...# #.##...##...##...##....####
#######.###†##.....##.####._.....
.........##.#.......#.# ##...###
.#######..'.#...@.†.'.# ##..# .#
####.#.......#.# #..# .#
#.##.....##.# #.># ##
...##...##... #.## # ....#####
.... #.# # .#... ..#..# #.# ..
..## .$ ..# #.# .## ##. .## #.#
#.#


There were no monsters in sight!

Vanquished Creatures
  4 adders
  8 ball pythons
  5 endoplasms
  3 giant cockroaches
  6 goblins
  5 hobgoblins
  11 jackals
  7 kobolds
  4 quokkas
  5 bats
  4 frilled lizards
  6 rats
68 creatures vanquished.

Notes
Turn   | Place    | Note
-------+----------+-------------------------------------------
     0 | D:1      | retardedninja the Gargoyle Fighter began the quest for the
                  | Orb.
     0 | D:1      | Reached XP level 1. HP: 14/14 MP: 1/1
   233 | D:1      | Reached XP level 2. HP: 19/19 MP: 2/2
   931 | D:1      | Found a faded altar of an unknown god.
  1000 | D:2      | Reached XP level 3. HP: 21/23 MP: 3/3
  1632 | D:2      | Reached XP level 4. HP: 29/29 MP: 4/4
  1955 | D:3      | Identified the +7 dagger of Salt {elec, Contam rElec rCorr}
  2071 | D:3      | Found a hide-covered altar of Uskayaw.
  2493 | D:3      | Found the +12 glaive of Prune {vorpal}
  2520 | D:3      | Quit the game

Illustrated notes

Levels and vault maps discovered:
D:1:      dpeg_arrival_orchard, layout_loops_ring,
          hellmonk_ecumenical_altar_inner_sanctum
D:2:      layout_loops_ring, minmay_distorted
D:3:      minmay_octagon_keep, layout_basic, overflow_temple_1_default,
          minmay_misc_feat_four_crosses

Skill      XL: |  1  2  3  4 |
---------------+-------------+-----
Shields        | 4 |  4.1
Fighting       | 4 |  4.1
Armour         | 4 |  4.1
Maces & Flails | 3 |  3.0

Action                   |  1- 3 |  4- 6 || total
-------------------------+-------+-------++-------
Melee: Flail             |   118 |    82 ||   200
Armor: Scale mail        |    82 |    51 ||   133
Dodge: Dodged            |    57 |    44 ||   101
Block: Buckler           |    36 |    19 ||    55
